 Dungeon Crawl Stone Soup version 0.27-a0-1557-g57f10a385c (webtiles) character file.

Game seed: 17103780754305696813

167 pokeman the Magician (level 5, 0/29 HPs)
             Began as a Deep Elf Hedge Wizard on July 15, 2021.
             Slain by a ball python (2 damage)
             ... in a sewer.
             The game lasted 00:05:57 (3635 turns).

pokeman the Magician (Deep Elf Hedge Wizard)        Turns: 3635, Time: 00:05:57

Health: 0/29       AC:  4    Str:  7    XL:     5   Next: 23%
Magic:  2/15       EV: 12    Int: 20    God:
Gold:   9          SH:  0    Dex: 14    Spells: 5/16 levels left

rFire    . . .     SeeInvis +   n - +3 falchion (holy)
rCold    . . .     Faith    .   (no shield)
rNeg     . . .     Spirit   .   l - +0 leather armour
rPois    .         Reflect  .   e - +0 helmet
rElec    .         Harm     .   (no cloak)
rCorr    .         Rampage  .   (no gloves)
Will     .....                  (no boots)
Stlth    ++........             (no amulet)
HPRegen  0.09/turn              g - ring of see invisible
MPRegen  0.14/turn              (no ring)

@: no status effects
A: no striking features
a: no special abilities


You were in a sewer.
You visited 1 branch of the dungeon, and saw 3 of its levels.
You also visited: Sewer.

You collected 58 gold pieces.
You spent 49 gold pieces at shops.

Inventory:

Hand Weapons
 n - a +3 falchion of holy wrath (weapon)
Missiles
 c - 12 bolts
 i - 19 arrows
Armour
 e - a +0 helmet (worn)
 l - a +0 leather armour (worn)
Jewellery
 g - a ring of see invisible (left hand)
Scrolls
 d - a scroll of enchant weapon {unknown}
 j - a scroll of noise {unknown}
 k - 3 scrolls of teleportation {unknown}
 o - a scroll of magic mapping
Potions
 a - a potion of haste {unknown}
 b - a potion of brilliance {unknown}
 f - 2 potions of curing {unknown}
 h - a potion of lignification {unknown}
 m - a potion of resistance {unknown}


   Skills:
 - Level 1.0 Fighting
 - Level 1.0 Armour
 - Level 3.0 Dodging
 + Level 2.5 Stealth
 * Level 6.1 Spellcasting
 + Level 2.7 Conjurations
 - Level 1.1 Summonings
 - Level 1.1 Translocations
 - Level 1.0 Fire Magic
 + Level 0.6 Air Magic


You had 5 spell levels left.
You knew the following spells:

 Your Spells              Type           Power      Damage    Failure   Level
a - Magic Dart            Conj           68%        1d6       4%          1
b - Mephitic Cloud        Conj/Pois/Air  10%        N/A       28%         3
c - Call Imp              Summ           10%        N/A       14%         2
d - Blink                 Tloc           N/A        N/A       14%         2
e - Conjure Flame         Conj/Fire      13%        6-21      21%         3

Your spell library contained the following spells:

 Spells                   Type           Power      Damage    Failure   Level
 Slow                     Hex            6%         N/A       22%         2


Dungeon Overview and Level Annotations

Branches:
Dungeon (3/15)              Sewer (1/1)

Altars:
Ru

Shops:
D:1 ?   D:2 *


Message History

Casting: Magic Dart (safe; 4% risk of failure)
Confirm with . or Enter, or press ? or * to list all spells.
Aiming: Magic Dart (safe; 4% risk of failure)
Press: ? - help, Shift-Dir - straight line, f - frilled lizard
Aim: a frilled lizard (100% to hit)
The magic dart hits the frilled lizard.
You kill the frilled lizard!
The ball python hisses angrily.
The quokka bites you but does no damage.
Casting: Magic Dart (safe; 4% risk of failure)
Confirm with . or Enter, or press ? or * to list all spells.
Aiming: Magic Dart (safe; 4% risk of failure)
Press: ? - help, Shift-Dir - straight line, f - quokka
Aim: a quokka (100% to hit)
The magic dart hits the quokka but does no damage.
The quokka completely misses you.
You riposte.
You hit the quokka.
The quokka is moderately wounded.
Unknown command.
Casting: Magic Dart (safe; 4% risk of failure)
Confirm with . or Enter, or press ? or * to list all spells.
Aiming: Magic Dart (safe; 4% risk of failure)
Press: ? - help, Shift-Dir - straight line, f/p - quokka
Aim: a quokka (moderately wounded, 100% to hit)
The magic dart hits the quokka.
The quokka is severely wounded.
The quokka barely misses you.
You riposte.
You closely miss the quokka.
The quokka is severely wounded.
An endoplasm comes into view.
Casting: Magic Dart (safe; 4% risk of failure)
Confirm with . or Enter, or press ? or * to list all spells.
Aiming: Magic Dart (safe; 4% risk of failure)
Press: ? - help, Shift-Dir - straight line, f/p - quokka
Aim: a quokka (severely wounded, 100% to hit)
The magic dart hits the quokka but does no damage.
The quokka is severely wounded.
The endoplasm quivers.
The quokka barely misses you.
You riposte.
You hit the quokka.
You kill the quokka!
The ball python bites you.
You die...

≈≈# ≈.# ≈≈≈# ###
.≈≈# ###∩.###
####≈≈≈#
#......####..≈≈≈≈#
#....∩.....†≈≈≈≈≈#
#.........≈≈@S≈≈≈#
##.....##.####≈≈.#
##...##### ≈≈#
##### ≈# ≈≈ ≈≈ ≈


You could see a ball python.

Vanquished Creatures
  Terence (D:2)
  6 adders
  2 worms
  A dart slug (D:2)
  3 orcs (D:2)
  2 ball pythons
  8 bats
  6 endoplasms
  3 giant cockroaches
  4 goblins
  4 hobgoblins
  6 jackals
  13 quokkas
  3 frilled lizards
  4 kobolds
  4 rats
70 creatures vanquished.

Vanquished Creatures (others)
  A plant (D:1)
1 creature vanquished.

Grand Total: 71 creatures vanquished

Notes
Turn   | Place    | Note
-------+----------+-------------------------------------------
     0 | D:1      | pokeman the Deep Elf Hedge Wizard began the quest for the
                  | Orb.
     0 | D:1      | Reached XP level 1. HP: 10/10 MP: 7/7
    42 | D:1      | Found Mofism's Magic Scroll Boutique.
   584 | D:1      | Reached XP level 2. HP: 16/16 MP: 2/9
  1535 | D:2      | Found a sacrificial altar of Ru.
  1552 | D:2      | Reached skill level 5 in Spellcasting
  1552 | D:2      | Reached XP level 3. HP: 20/20 MP: 2/11
  1556 | D:2      | Learned a level 3 spell: Mephitic Cloud
  1559 | D:2      | Learned a level 2 spell: Call Imp
  1562 | D:2      | Learned a level 2 spell: Blink
  1566 | D:2      | Learned a level 3 spell: Conjure Flame
  2304 | D:2      | Reached skill level 1 in Armour
  2376 | D:2      | Reached skill level 1 in Fighting
  2579 | D:2      | Found a faded altar of an unknown god.
  2606 | D:2      | Reached XP level 4. HP: 25/25 MP: 7/13
  2654 | D:2      | Noticed Terence
  2715 | D:2      | Killed Terence
  2993 | D:2      | Reached skill level 1 in Fire Magic
  3101 | D:2      | Found Ushruolisch's General Store.
  3308 | D:1      | Bought a scroll of magic mapping for 49 gold pieces
  3411 | D:3      | Noticed a scorpion
  3447 | D:3      | Reached skill level 6 in Spellcasting
  3447 | D:3      | Reached XP level 5. HP: 26/29 MP: 8/15
  3607 | D:3      | Found a glowing drain.
  3611 | Sewer    | Entered a sewer
  3630 | Sewer    | HP: 1/29 [quokka (4)]
  3635 | Sewer    | Slain by a ball python

Illustrated notes

Levels and vault maps discovered:
D:1:      minmay_arrival_stair_chambers, layout_rooms, serial_forest,
          infiniplex_forest_end_1, infiniplex_forest_straight_4,
          infiniplex_forest_zigzag_2, infiniplex_forest_clump_curved,
          infiniplex_forest_corner_1, infiniplex_forest_lined_2,
          infiniplex_forest_diagonal, serial_shops, nicolae_shop_crystal,
          hangedman_decor_push, minmay_misc_feat_square
D:2:      minmay_angry_zag, layout_basic, serial_shops, shop, basic_altar,
          shapermc_ecumenical_altar_venn, uniq_terence
D:3:      layout_loops_corners, gup_sewer_entry_spiral
Sewer:    sewer_fruit_machine

Skill      XL: |  1  2  3  4 |
---------------+-------------+-----
Spellcasting   | 5 6 |  6.1
Conjurations   | 2 |  2.7
Armour         | 1 |  1.0
Fighting       | 1 |  1.0
Fire Magic     | 1 |  1.0
Dodging        | 3 |  3.0
Stealth        | |  2.5
Summonings     | |  1.1
Translocations | |  1.1
Air Magic      | |  0.6

Action                   |  1- 3 |  4- 6 || total
-------------------------+-------+-------++-------
Melee: Dagger            |    14 |     6 ||    20
       Falchion          |       |    37 ||    37
 Cast: Magic Dart        |   109 |    56 ||   165
       Mephitic Cloud    |       |     3 ||     3
       Conjure Flame     |       |     1 ||     1
 Stab: Confused          |       |     4 ||     4
Armor: Robe              |     3 |       ||     3
       Leather armour    |       |    22 ||    22
Dodge: Dodged            |    14 |    52 ||    66
       Rpst.: Falchion   |       |    16 ||    16

Table legend: (Time is in decaauts)
 A = Elapsed time spent in this place.
 B = Non-inter-level travel time spent in this place.
 C = Inter-level travel time spent in this place.
 D = Time resting spent in this place.
 E = Time spent auto-exploring this place.
 F = Levels seen in this place.
 G = Mean time per level.
                   A        B        C        D        E       F      G
               +--------+--------+--------+--------+--------+-----+--------+
         Total |   3665 |   3476 |    189 |    110 |   2645 |   4 |  916.2 |
       Dungeon |   3640 |   3451 |    189 |    110 |   2645 |   3 | 1213.3 |
         Sewer |     25 |     25 |      0 |      0 |      0 |   1 |   25.0 |
               +--------+--------+--------+--------+--------+-----+--------+

Top non-repeatable levels by time:
     D:2: 1796 daAuts
     D:1: 1537 daAuts
     D:3: 306 daAuts
   Sewer: 25 daAuts
